 Dungeon Crawl Stone Soup version 0.32-a0-614-gd166fa89d2 (webtiles) character file.

Game seed: 17395671837734876828

1037 kae the Cleaver (level 8, 0/58 HPs)
             Began as a Coglin Berserker on Mar 5, 2024.
             Was an Elder of Trog.
             Slain by an orc
             ... wielding a +0 club
              (3 damage)
             ... on level 6 of the Dungeon.
             The game lasted 00:04:47 (4918 turns).

kae the Cleaver (Coglin Berserker)                  Turns: 4918, Time: 00:04:48

Health: 0/58       AC:  9    Str: 19    XL:     8   Next: 24%
Magic:  8/8        EV: 11    Int:  7    God:    Trog [****..]
Gold:   226        SH:  0    Dex: 14    Spells: 7/7 levels left

rFire   . . .        a - +1 hand axe {Quintus}
rCold   . . .        j - +0 hand axe {Septimus}
rNeg    . . .        w - +0 ring mail
rPois   .            v - +0 helmet
rElec   .            g - +1 cloak
rCorr   .            r - +0 pair of gloves
SInv    .            (no boots)
Will    ++...        (amulet unavailable)
Stlth   +            (ring unavailable)
HPRegen 1.29/turn    (ring unavailable)
MPRegen 0.11/turn    (no gizmo)

%: no passive effects
@: strong-willed, regenerating, revved
A: off-hand wielding, slow wielding, warmup strikes, no jewellery
a: Invent Gizmo, Renounce Religion, Berserk, Trog's Hand, Brothers in Arms


You were on level 6 of the Dungeon.
You worshipped Trog.
Trog was greatly pleased with you.
You visited 1 branch of the dungeon, and saw 6 of its levels.

You collected 286 gold pieces.
You spent 60 gold pieces at shops.


Innate Abilities, Weirdness & Mutations

You can wield a second weapon in your off-hand.
It takes a long time for you to wield or remove held weapons.
Your first few attacks do less damage.
You cannot equip rings or amulets.


   Skills:
 - Level 3.0 Fighting
 + Level 9.9 Axes
 - Level 1.7 Armour
 - Level 1.7 Dodging


You had 7 spell levels left.
You didn't know any spells.
Your spell library contained the following spells:

 Spells                   Type           Power      Damage    Failure   Level
 Apportation              Tloc           0%         N/A       63%         1
 Jinxbite                 Hex            0%         N/A       77%         2
 Alistair's Intoxication  Alch           0%         N/A       100%        5

Inventory:

Hand Weapons
 a - a +1 hand axe (weapon) {Quintus}
 c - a +0 dagger {Mei}
 j - a +0 hand axe (offhand) {Septimus}
   (You found it on level 2 of the Dungeon)
 y - a +0 club
   (You bought it in a shop on level 5 of the Dungeon)
Missiles
 e - 49 stones
 f - 2 boomerangs
 k - 27 poisoned darts
Armour
 b - a +0 animal skin
 g - a +1 cloak (worn)
   (You found it on level 3 of the Dungeon)
 r - a +0 pair of gloves (worn)
   (You found it on level 4 of the Dungeon)
 v - a +0 helmet (worn)
   (You took it off Robin on level 2 of the Dungeon)
 w - a +0 ring mail (worn)
   (You found it on level 2 of the Dungeon)
Jewellery
 S - a +6 ring of strength
   (You found it on level 3 of the Dungeon)
Wands
 d - a wand of flame (17)
   (You took it off an orc on level 3 of the Dungeon)
 i - a wand of iceblast (8)
   (You found it on level 3 of the Dungeon)
Scrolls
 h - a scroll of enchant armour
 o - 2 scrolls of revelation
 p - a scroll of immolation {!r!r}
 x - a scroll of poison {!r}
 z - a scroll of fear
Potions
 l - 2 potions of mutation {!q}
 m - a potion of attraction {!q}
 n - a potion of heal wounds {unknown}
 q - a potion of might
 s - a potion of magic {unknown}
 t - a potion of ambrosia
 u - a potion of lignification {unknown}

Dungeon Overview and Level Annotations

Branches:
Dungeon (6/15) Zot: 26941
 Temple: D:4-7

Altars:
Hepliaklqana
Sif Muna
Trog
Uskayaw

Shops:
D:5

*
.....................
##........#######
##.####### ##.#
###..# ##....#
#.....# #).$### #o@##
#..goo# .......oo#
.....!....
#._..._..#.
...........o
....ß..... ..
...........o#.


You could see an orc warrior, a gnoll and 4 orcs.


Message History

An orc comes into view. It is wielding a +0 club.
The gnoll hits you with a +0 spear.
* * * LOW HITPOINT WARNING * * *
The gnoll barely misses you.
The orc shouts! 😨 HP[-3]
You take 3 damage, and now have 18/58 hp.
You barely miss something with your +1 hand axe.
You hit the gnoll with your +1 hand axe. x2
You closely miss something with your +0 hand axe.
You closely miss the gnoll with your +0 hand axe.
You hit the gnoll with your +0 hand axe.
You kill the gnoll!
Trog accepts your kill.
You hear a shout! x2
Something completely misses you.
An orc comes into view. It is wielding a +0 club.
The gnoll hits you with a +0 spear!
* * * LOW HITPOINT WARNING * * *
An orc comes into view. It is wielding a +0 hand axe.
You hear a shout! 😱 HP[-6]
You take 6 damage, and now have 12/58 hp.
You hear the slow rusting of a very distant drain.
The gnoll hits you but does no damage. Something hits you but does no damage.
Items here: )))) †. 😱 HP[+1]
You hit something with your +1 hand axe.
You slash something with your +0 hand axe! 😱 HP[+1]
You barely miss something with your +0 hand axe.
You hit something with your +1 hand axe.
Trog accepts your kill.
Trog appreciates your killing of a magic user.
Reactivating autopickup.
You feel a bit more experienced.
The gnoll completely misses you. 😨 HP[+1]
You hit the orc warrior but do no damage.
You barely miss the orc warrior with your +0 hand axe.
The orc warrior hits you with a +1 short sword of electrocution!
* * * LOW HITPOINT WARNING * * *
The gnoll hits you but does no damage. 😱 HP[-6]
You take 6 damage, and now have 9/58 hp.
You hit the orc warrior but do no damage.
You slash the orc warrior with your +0 hand axe!
An orc comes into view. It is wielding a +0 hand axe.
The gnoll closely misses you.
The orc warrior barely misses you. 😱 HP[+1]
You closely miss the orc warrior with your +1 hand axe.
The orc shouts!
You hit the orc but do no damage.
You closely miss the orc warrior with your +0 hand axe.
You hit the orc with your +0 hand axe.
You hear a shout!
The gnoll closely misses you.
The orc warrior hits you with a +1 short sword of electrocution.
* * * LOW HITPOINT WARNING * * *
You barely miss the orc warrior with your +0 hand axe.
You hit the orc but do no damage.
You hit the orc warrior but do no damage.
You hit the orc but do no damage. 😱 HP[+1]
You hit the orc warrior with your +1 hand axe.
You hit the orc but do no damage.
You hit the orc warrior but do no damage.
You hit the orc but do no damage.
The gnoll barely misses you. 😱 HP[+1] Unknown command.
You closely miss the orc with your +0 hand axe.
You hit the orc with your +0 hand axe.
You hit the orc warrior but do no damage.
You hit the orc but do no damage.
You barely miss the orc warrior with your +1 hand axe.
You hit the orc with your +1 hand axe. The orc barely misses you.
The gnoll closely misses you. The orc barely misses you. 😱 HP[+1]
You hit the orc with your +0 hand axe.
You kill the orc!
Trog accepts your kill.
You barely miss the orc warrior with your +0 hand axe.
You hit the orc but do no damage.
You barely miss the orc warrior with your +1 hand axe.
You barely miss the orc with your +1 hand axe.
The gnoll barely misses you. The orc warrior barely misses you.
The orc misses you. 😱 HP[+1] Unknown command.
You barely miss the orc with your +1 hand axe.
You hit the orc warrior but do no damage.
You barely miss the orc with your +1 hand axe.
You hit the orc with your +0 hand axe.
You hit the orc warrior but do no damage.
You hit the orc with your +0 hand axe.
The orc warrior hits you with a +1 short sword of electrocution.
* * * LOW HITPOINT WARNING * * *
The gnoll hits you from afar with a +0 spear.
* * * LOW HITPOINT WARNING * * *
The orc hits you with a +0 club.
You die...

Skill      XL: |  1  2  3  4  5  6  7 |
---------------+----------------------+-----
Axes           | 4 5 6 7 9 |  9.9
Fighting       | |  3.0
Armour         | |  1.7
Dodging        | |  1.7

Action                     |  1- 3 |  4- 6 |  7- 9 || total
---------------------------+-------+-------+-------++-------
  Melee: Hand axe          |    92 |   244 |   260 ||   596
         Dagger            |    82 |    10 |       ||    92
 Invoke: Trog's Hand       |       |       |     1 ||     1
    Use: Scroll            |       |     9 |     6 ||    15
         Potion            |       |     1 |     1 ||     2
   Stab: Sleeping          |     1 |     2 |       ||     3
         Distracted        |     1 |       |       ||     1
 Armour: Animal skin       |    53 |    75 |     6 ||   134
         Ring mail         |       |       |    89 ||    89
  Dodge: Dodged            |    61 |    63 |    68 ||   192

Levels and vault maps discovered:
D:1:      spicycebolla_green_bress_n_ham, layout_loops_ring,
          grunt_decor_one_mirror, reono_crystal_passage, nrook_campfire,
          minmay_distorted
D:2:      layout_basic, st_stairs_8, minmay_strange_pillars, uniq_robin
D:3:      layout_basic
D:4:      corexii_shantytown, layout_cave_pools, minmay_splitting_lines,
          nicolae_kite_square_tiling_tiny
D:5:      lemuel_ratsnest, layout_rooms, mainiacjoe_overflow_brackets,
          nicolae_uskayaw_dance_hall, nicolae_stop_n_shop_1
D:6:      layout_rooms, grunt_temple_overflow_open, cheibrodos_sewer_entry_bend,
          uniq_maggie, uniq_jeremiah, uniq_crazy_yiuf_cottage

Notes
Turn   | Place    | Note
-------+----------+-------------------------------------------
     0 | D:1      | kae the Coglin Berserker began the quest for the Orb.
     0 | D:1      | Reached XP level 1. HP: 18/18 MP: 1/1
     0 | D:1      | magus.rc [v1.11.3]
   133 | D:1      | Reached XP level 2. HP: 19/24 MP: 2/2
   456 | D:1      | You pick up a book of Party Tricks {forbidden} and begin
                  | reading...
   456 | D:1      | You add the spells Apportation, Jinxbite and Alistair's
                  | Intoxication to your library.
   587 | D:1      | Reached skill level 4 in Axes
   596 | D:1      | Reached XP level 3. HP: 22/29 MP: 3/3
   739 | D:2      | Reached ** piety under Trog
  1171 | D:2      | Noticed Robin
  1186 | D:2      | Reached XP level 4. HP: 24/35 MP: 4/4
  1190 | D:2      | HP: 5/35 [Robin/+0 dagger (4)]
  1191 | D:2      | HP: 2/35 [Robin/+0 dagger (1)]
  1196 | D:2      | Killed Robin
  1197 | D:2      | Reached skill level 5 in Axes
  1794 | D:3      | Reached *** piety under Trog
  2076 | D:3      | Reached XP level 5. HP: 28/41 MP: 5/5
  2165 | D:3      | Reached skill level 6 in Axes
  2985 | D:4      | Reached XP level 6. HP: 40/47 MP: 6/6
  3202 | D:4      | Reached skill level 7 in Axes
  3490 | D:4      | Reached **** piety under Trog
  3663 | D:4      | Reached XP level 7. HP: 52/52 MP: 7/7
  3812 | D:5      | Entered Level 5 of the Dungeon
  4093 | D:5      | Reached skill level 8 in Axes
  4133 | D:5      | Found Ezoju's General Store.
  4164 | D:5      | Bought a +0 club for 12 gold pieces
  4164 | D:5      | Bought a scroll of fear for 48 gold pieces
  4254 | D:5      | Found a hide-covered altar of Uskayaw.
  4327 | D:5      | HP: 13/52 [scorpion (4)]
  4331 | D:5      | Reached skill level 9 in Axes
  4554 | D:5      | Reached XP level 8. HP: 58/58 MP: 8/8
  4721 | D:5      | Found a hazy altar of Hepliaklqana.
  4891 | D:6      | Found a shimmering blue altar of Sif Muna.
  4892 | D:6      | Found a bloodstained altar of Trog.
  4907 | D:6      | HP: 12/58 [gnoll/+0 spear[a gnoll sergeant] (7)]
  4913 | D:6      | HP: 10/58 [orc warrior/+1 short sword of electrocution (1)]
  4918 | D:6      | HP: 9/58 [orc warrior/+1 short sword of electrocution (6)]
  4918 | D:6      | HP: 3/58 [gnoll/+0 spear[a gnoll sergeant] (6)]
  4918 | D:6      | Slain by an orc

Vanquished Creatures
  An ice beast (D:5)
  An ogre (D:4)
  A gnoll sergeant (D:6)
  2 scorpions
  A bombardier beetle (D:3)
  An orc priest (D:5)
  2 jellies
  2 iguanas
  4 orc wizards
  Robin (D:2)
  6 gnolls
  7 adders
  10 river rats (D:5)
  A white imp (D:6)
  2 ufetubi (D:5)
  2 ribbon worms (D:2)
  3 dart slugs
  16 orcs
  9 ball pythons
  10 endoplasms
  2 giant cockroaches
  19 goblins
  14 hobgoblins
  4 jackals
  14 kobolds
  8 quokkas
  6 bats
  2 frilled lizards
  26 rats
177 creatures vanquished.

Table legend:
 A = Non-vault XP
 B = Vault XP
 C = Vault XP percentage of total XP
 D = Non-vault monster count
 E = Vault monster count
 F = Vault count percentage of total count
                 A         B        C        D         E       F
            +---------+---------+-------+---------+---------+-------
      Total |    1099 |     383 |  25.8 |     111 |      66 |  37.3
            +---------+---------+-------+---------+---------+-------
        D:1 |      34 |       2 |   5.6 |      19 |       1 |   5.0
        D:2 |      48 |      36 |  42.9 |      26 |      13 |  33.3
        D:3 |     162 |       0 |   0.0 |      26 |       0 |   0.0
        D:4 |     303 |      66 |  17.9 |      19 |      19 |  50.0
        D:5 |     359 |     279 |  43.7 |      13 |      33 |  71.7
        D:6 |     193 |       0 |   0.0 |       8 |       0 |   0.0
            +---------+---------+-------+---------+---------+-------

Skill      XL: |  1  2  3  4  5  6  7 |
---------------+----------------------+-----
Axes           | 4 5 6 7 9 |  9.9
Fighting       | |  3.0
Armour         | |  1.7
Dodging        | |  1.7

Action                     |  1- 3 |  4- 6 |  7- 9 || total
---------------------------+-------+-------+-------++-------
  Melee: Hand axe          |    92 |   244 |   260 ||   596
         Dagger            |    82 |    10 |       ||    92
 Invoke: Trog's Hand       |       |       |     1 ||     1
    Use: Scroll            |       |     9 |     6 ||    15
         Potion            |       |     1 |     1 ||     2
   Stab: Sleeping          |     1 |     2 |       ||     3
         Distracted        |     1 |       |       ||     1
 Armour: Animal skin       |    53 |    75 |     6 ||   134
         Ring mail         |       |       |    89 ||    89
  Dodge: Dodged            |    61 |    63 |    68 ||   192

Illustrated notes

Table legend:
 A = Kills in this place as a percentage of kills in the entire game.
 B = Kills by you in this place as a percentage of kills by you in the entire game.
 C = Kills by friends in this place as a percentage of kills by friends in the entire game.
 D = Other kills in this place as a percentage of other kills in the entire game.
 E = Experience gained in this place as a percentage of experience gained in the entire game.
 F = Experience gained in this place divided by the number of levels of this place that you have seen.
                   A       B       C       D       E      F
               +-------+-------+-------+-------+-------+----------------------
         Total | 100.0 | 100.0 |   N/A |   N/A | 100.0 | 247.0
       Dungeon | 100.0 | 100.0 |   N/A |   N/A | 100.0 | 247.0
               +-------+-------+-------+-------+-------+----------------------

Table legend: (Time is in decaauts)
 A = Elapsed time spent in this place.
 B = Non-inter-level travel time spent in this place.
 C = Inter-level travel time spent in this place.
 D = Time resting spent in this place.
 E = Time spent auto-exploring this place.
 F = Levels seen in this place.
 G = Mean time per level.
                   A        B        C        D        E       F      G
               +--------+--------+--------+--------+--------+-----+--------+
         Total |   4902 |   4581 |    321 |    217 |   3506 |   6 |  817.0 |
       Dungeon |   4902 |   4581 |    321 |    217 |   3506 |   6 |  817.0 |
               +--------+--------+--------+--------+--------+-----+--------+

Top non-repeatable levels by time:
     D:4: 1233 daAuts
     D:3: 1058 daAuts
     D:2: 993 daAuts
     D:5: 821 daAuts
     D:1: 737 daAuts
     D:6: 58 daAuts
